 Dungeon Crawl Stone Soup version 0.18.1-6-gd335043 (webtiles) character file.

539 epen the Chiller (level 7, -1/50 HPs)
             Began as a Grey Draconian Ice Elementalist on May 15, 2016.
             Killed by divine providence
             ... invoked by an orc priest
              (17 damage)
             ... on level 3 of the Dungeon.
             The game lasted 00:06:43 (3465 turns).

epen the Chiller (Grey Draconian Ice Elementalist)  Turns: 3465, Time: 00:06:43

Health: -1/50      AC: 13    Str: 10    XL:     7   Next: 5%
Magic:  13/13      EV: 13    Int: 20    God:
Gold:   100        SH:  0    Dex: 11    Spells: 4 memorised, 4 levels left

rFire  . . .     SeeInvis .     g - +1 short sword (drain)
rCold  . . .     Gourm    .     (armour unavailable)
rNeg   . . .     Faith    .     (no shield)
rPois  .         Spirit   .     (helmet restricted)
rElec  .         Dismiss  .     (no cloak)
rCorr  .         Reflect  .     w - +0 pair of gloves
SustAt .         Harm     .     o - +0 pair of boots
MR     .....                    z - amulet of magic regeneration
Stlth  ++........               (no ring)
                                e - +2 ring of intelligence

@: not resistant to hostile enchantments, unstealthy
A: walk through water, unfitting armour, unbreathing, cold-blooded, AC +11
a: no special abilities


You were on level 3 of the Dungeon.
You were not hungry.

You visited 1 branch of the dungeon, and saw 3 of its levels.

You collected 100 gold pieces.

Inventory:

Hand Weapons
 g - a +1 short sword of draining (weapon)
Armour
 o - a +0 pair of boots (worn)
 w - a +0 pair of gloves (worn)
Jewellery
 e - a +2 ring of intelligence (left hand)
 u - an uncursed ring of ice
 z - an amulet of magic regeneration (around neck)
Wands
 y - a wand of enslavement (17/24)
Scrolls
 c - 2 scrolls of recharging {unknown}
 f - 9 scrolls of identify {unknown}
 i - a scroll of blinking {unknown}
 n - a scroll of amnesia {unknown}
 p - 4 scrolls of remove curse {unknown}
 t - a scroll of fog {unknown}
 A - a scroll of teleportation {unknown}
 B - a scroll of fear {unknown}
 C - a scroll of enchant weapon {unknown}
Potions
 h - a potion of resistance {unknown}
 k - a potion of haste {unknown}
 m - a potion of invisibility {unknown}
 q - a potion of degeneration {unknown}
 r - a potion of ambrosia {unknown}
 s - 2 potions of flight {unknown}
 v - a potion of brilliance {unknown}
 x - 2 potions of cancellation {unknown}
Books
 a - a book of Frost

   Spells                             Type                      Level
   a - Freeze                         Ice                          1
   b - Throw Frost                    Conjuration/Ice              2
   c - Ozocubu's Armour               Charms/Ice                   3
   d - Throw Icicle                   Conjuration/Ice              4
   e - Summon Ice Beast               Ice/Summoning                4
Comestibles
 b - a bread ration
 d - 2 royal jellies
 j - a meat ration
 l - a beef jerky


   Skills:
 + Level 3.2 Dodging
 - Level 1.7 Stealth
 * Level 4.3 Spellcasting
 * Level 2.9 Conjurations
 * Level 5.3 Ice Magic


You had 4 spell levels left.
You knew the following spells:

 Your Spells              Type           Power        Failure   Level  Hunger
a - Freeze                Ice            ####         1%          1    None
b - Throw Frost           Conj/Ice       ###...       3%          2    #......
c - Ozocubu's Armour      Chrm/Ice       ##......     14%         3    ###....
d - Throw Icicle          Conj/Ice       ###.....     24%         4    ####...


Dungeon Overview and Level Annotations

Branches:
Dungeon (3/15)

Altars:
Qazlal
Trog


Innate Abilities, Weirdness & Mutations

You can walk through water.
Your dull iron-grey scales are very hard (AC +11).
Your body does not fit into most forms of armour.
You can survive without breathing.
You are cold-blooded and may be slowed by cold attacks.


Message History

An orc warrior comes into view. It is wielding a trident.
The orc warrior shouts!
The orc shouts! x2
Your icy armour evaporates.
The orc priest looks braver for a moment.
The orc hits you with a morningstar.
The orc warrior hits you from afar with a trident.
You hit the orc.
The orc is severely wounded.
The orc barely misses you.
The orc warrior hits you from afar with a trident.
You barely miss the orc.
The orc is severely wounded.
The orc warrior closely misses you. The orc closely misses you.
You hit the orc.
You kill the orc!
The orc warrior hits you from afar with a trident!
* * * LOW HITPOINT WARNING * * *
The orc priest invokes the aid of Beogh against you.
Beogh smites you!
You die...

#.# #.# #.# #.# #####
#####.###########.# #....
#.......##......#.# #....
#.###.#.##.####.#.######....
######.###.#.##.####.#.#...##....
.................................
######.###.#.#######.#.#.#.##....
............ooo.@........)..#....
######...#.#.#########.#.#..#....
###.#.#.###.<...#.#.#.......
.#)#.........#.#.#.#.....
.#.########..#...#†#.....
#...........#.###.##.###
######..##....# #.##.### ##
#..##.)..###.##..# # ...
#####..##........###.#


You could see an orc warrior, an orc priest and an orc.

Vanquished Creatures
  Sigmund (D:2)
  An ogre (D:3)
  The ghost of epen the Chiller, an amateur DrIE (D:3)
  A scorpion (D:3)
  2 orc priests (D:3)
  4 adders
  An ooze (D:1)
  A worm (D:3)
  A dart slug (D:1)
  6 orcs (D:3)
  3 giant cockroaches (D:3)
  6 goblins
  6 hobgoblins
  5 jackals
  A quokka (D:3)
  8 bats
  6 giant newts
  6 kobolds
  6 rats
66 creatures vanquished.

Notes
Turn   | Place    | Note
--------------------------------------------------------------
     0 | D:1      | epen the Draconian Ice Elementalist began the quest for the Orb.
     0 | D:1      | Reached XP level 1. HP: 14/14 MP: 3/3
   484 | D:1      | Reached XP level 2. HP: 16/20 MP: 5/5
   488 | D:1      | Learned a level 2 spell: Throw Frost
  1091 | D:2      | Reached XP level 3. HP: 15/26 MP: 6/6
  1260 | D:2      | Learned a level 3 spell: Ozocubu's Armour
  1351 | D:2      | Noticed Sigmund
  1367 | D:2      | Killed Sigmund
  1367 | D:2      | Reached skill level 4 in Ice Magic
  1367 | D:2      | Reached XP level 4. HP: 14/33 MP: 2/9
  1367 | D:2      | Reached XP level 5. HP: 16/38 MP: 2/10
  1715 | D:2      | Found a stormy altar of Qazlal.
  1721 | D:2      | Learned a level 4 spell: Throw Icicle
  2035 | D:2      | Found a bloodstained altar of Trog.
  2233 | D:3      | Reached XP level 6. HP: 15/45 MP: 9/11
  2532 | D:3      | Reached skill level 5 in Ice Magic
  2928 | D:3      | Noticed epen's ghost (amateur DrIE)
  3431 | D:3      | Killed epen's ghost
  3431 | D:3      | Your scales start taking on a dull iron-grey colour.
  3431 | D:3      | Reached XP level 7. HP: 34/50 MP: 2/13
  3431 | D:3      | Gained mutation: You can survive without breathing. [Grey Draconian growth]
  3465 | D:3      | Killed from afar by an orc priest

Skill      XL: |  1  2  3  4  5  6 |
---------------+-------------------+-----
Dodging        | 2 3 |  3.2
Spellcasting   | 3 4 |  4.3
Ice Magic      | 4 5 |  5.3
Conjurations   | 2 |  2.9
Stealth        | |  1.7

Action                   |  1- 3 |  4- 6 |  7- 9 || total
-------------------------+-------+-------+-------++-------
Melee: Unarmed           |    24 |       |       ||    24
       Short sword       |    63 |   128 |     4 ||   195
       Tailslap          |     8 |     8 |       ||    16
 Cast: Freeze            |     9 |     8 |     1 ||    18
       Ozocubu's Armour  |       |     4 |       ||     4
       Throw Icicle      |       |     3 |       ||     3
       Throw Frost       |       |     1 |       ||     1
 Stab: Sleeping          |       |     4 |       ||     4
  Eat: Chunk             |     1 |     8 |       ||     9
Armor: Skin              |    51 |    45 |       ||    96
Dodge: Dodged            |    74 |    68 |     4 ||   146
